 Dungeon Crawl Stone Soup version 0.30-a0-40-gc6d0f036a7 (webtiles) character file.

Game seed: 2010441803095625117

649 ytrimaz the Ducker (level 7, 0/43 HPs)
             Began as an Octopode Transmuter on Aug 29, 2022.
             Succumbed to a water moccasin's poison
             ... on level 5 of the Dungeon.
             The game lasted 00:04:12 (5966 turns).

ytrimaz the Ducker (Octopode Transmuter)            Turns: 5966, Time: 00:04:13

Health: 0/43       AC:  2    Str:  8 (10) XL:     7   Next: 53%
Magic:  7/10       EV: 21    Int: 17      God:
Gold:   269        SH:  0    Dex: 14 (17) Spells: 4/10 levels left

rFire   . . .      SeeInvis .      - Unarmed
rCold   . . .      Faith    .    (shield currently unavailable)
rNeg    . . .      Spirit   .    (helmet currently unavailable)
rPois   x          Reflect  .    (no amulet)
rElec   .          Harm     .    (no ring)
rCorr   .          Rampage  .    (no ring)
Will    .....                    (no ring)
Stlth   +.........               (no ring)
HPRegen 0.14/turn                (no ring)
MPRegen 0.12/turn                (no ring)
                                 (no ring)
                                 (no ring)

@: lethally poisoned (0 -> -35), spider-form (expiring)
A: venomous fangs, almost no armour, (amphibious), 8 rings, tiny, (camouflage
1), (gelatinous body 1), (nimble swimmer 1), (tentacles)
a: End Transformation


You were on level 5 of the Dungeon.
You were a venomous arachnid creature.
You visited 1 branch of the dungeon, and saw 5 of its levels.

You collected 269 gold pieces.

Inventory:

Armour
 m - a +2 hat (melded)
Wands
 j - a wand of flame (34)
 k - a wand of quicksilver (10)
Scrolls
 c - 3 scrolls of fear
 e - a scroll of identify
 i - 2 scrolls of enchant armour
Potions
 a - a potion of heal wounds {unknown}
 b - a potion of magic
 d - 2 potions of mutation
 f - a potion of curing
 g - a potion of cancellation
 h - a potion of resistance


   Skills:
 - Level 1.0 Fighting
 + Level 5.5 Dodging
 + Level 5.4 Unarmed Combat
 - Level 2.0 Spellcasting
 * Level 2.4 Transmutations
 - Level 4.0 Poison Magic


You had 4 spell levels left.
You knew the following spells:

 Your Spells              Type           Power      Damage    Failure   Level
a - Beastly Appendage     Tmut           20%        N/A       19%         1
b - Wereblood             Tmut           10%        N/A       26%         2
c - Spider Form           Tmut/Pois      12%        N/A       34%         3

Your spell library contained the following spells:

 Spells                   Type           Power      Damage    Failure   Level
 Ozocubu's Armour         Ice            1%         N/A       71%         3
 Ice Form                 Ice/Tmut       5%         N/A       89%         4
 Fireball                 Conj/Fire      0%         3d3       100%        5
 Iskenderun's Battlesphe  Conj           1%         2d6       100%        5
 Conjure Ball Lightning   Conj/Air       0%         3x3d6     100%        6
 Orb of Destruction       Conj           0%         9d5       100%        7
 Ozocubu's Refrigeration  Ice            0%         4d7       100%        7


Dungeon Overview and Level Annotations

Branches:
Dungeon (5/15)
 Temple: D:4-7

Altars:
Elyvilon
Nemelex Xobeh

Annotations:
D:5 capslocke's ghost, weakling DsDe


Innate Abilities, Weirdness & Mutations

You are a venomous arachnid creature.
You have poisonous fangs.
You are tiny and dextrous.
Your spellcasting is less reliable in this form.
Your armour is entirely melded.
You are incapable of wielding weapons or throwing items.
You cannot wear most types of armour.
((You are amphibious.))
You can wear up to eight rings at the same time.
((Your skin changes colour to match your surroundings (Stealth+).))
((Your rubbery body absorbs attacks. (AC +1, EV +1)))
((You are camouflaged when in or above water. (Stealth+)))
((You have tentacles for arms and can constrict up to eight enemies at once.))


Message History

You now have 269 gold pieces (gained 7).
Key pressed, stopping explore.
A water moccasin comes into view.
Found an inky potion.
A water moccasin is nearby!
Found an escape hatch in the ceiling.
Found a stone staircase leading up.
Casting: Spider Form (dangerous; 16% risk of failure)
Confirm with . or Enter, or press ? or * to list all spells.
You don't know that spell.
Unknown command.
Casting: Spider Form (dangerous; 16% risk of failure)
Confirm with . or Enter, or press ? or * to list all spells.
You turn into a venomous arachnid creature.
Your +2 hat melds into your body.
You barely miss the water moccasin. The water moccasin misses you.
You hit the water moccasin.
The water moccasin is lightly wounded.
The water moccasin misses you. The water moccasin bites you.
You are poisoned.
The water moccasin poisons you!
You barely miss the water moccasin.
The water moccasin is lightly wounded.
You feel extremely sick. The water moccasin barely misses you.
You bite the water moccasin!
The water moccasin is moderately wounded.
You feel very sick. The water moccasin bites you.
You are more poisoned.
The water moccasin poisons you!
You hit the water moccasin.
The water moccasin is heavily wounded.
You feel extremely sick. The water moccasin bites you!
* * * LOW HITPOINT WARNING * * *
You hit the water moccasin but do no damage.
The water moccasin is poisoned.
The water moccasin is heavily wounded.
Your transformation is almost over.
You die...

#.......... ##.#
######.>#.####
###...#
..............
.......##
#######.###...
.....<.<# #.# #...
..!.....# #.# #...
........# #.# ###.
#.....S#########.#
#. #s..........#
#. #############
#. #. #. #. ## #


You could see a water moccasin (very poisoned).

Vanquished Creatures
  An ice beast (D:5)
  A phantom (D:4)
  A necrophage (D:4)
  3 scorpions
  A hound (D:5)
  Jessica (D:3)
  10 adders
  An ufetubus (D:5)
  3 dart slugs
  5 orcs
  10 ball pythons
  3 bats
  10 endoplasms
  3 giant cockroaches
  7 hobgoblins
  11 jackals
  4 quokkas
  2 frilled lizards
  6 goblins
  6 kobolds
  8 rats
97 creatures vanquished.

Vanquished Creatures (collateral kills)
  A worm (D:5)
1 creature vanquished.

Grand Total: 98 creatures vanquished

Notes
Turn   | Place    | Note
-------+----------+-------------------------------------------
     0 | D:1      | ytrimaz the Octopode Transmuter began the quest for the
                  | Orb.
     0 | D:1      | Reached XP level 1. HP: 13/13 MP: 3/3
    49 | D:1      | Reached XP level 2. HP: 5/18 MP: 5/5
   968 | D:1      | Reached XP level 3. HP: 15/23 MP: 4/6
   971 | D:1      | Learned a level 2 spell: Wereblood
   976 | D:1      | Learned a level 3 spell: Spider Form
  2172 | D:2      | Reached skill level 1 in Poison Magic
  2234 | D:2      | Identified the +4 short sword "Imp's Undoing" {elec, rC+
                  | Str+4 Dex-4}
  2251 | D:2      | Reached XP level 4. HP: 22/28 MP: 5/7
  2846 | D:3      | Noticed a scorpion
  2852 | D:3      | Killed a scorpion
  2853 | D:3      | Reached XP level 5. HP: 33/33 MP: 4/8
  2921 | D:3      | Found a faded altar of an unknown god.
  2921 | D:3      | Noticed Jessica
  2930 | D:3      | Killed Jessica
  4297 | D:4      | Reached XP level 6. HP: 23/38 MP: 7/9
  5018 | D:5      | Entered Level 5 of the Dungeon
  5083 | D:5      | Noticed an ice beast
  5086 | D:5      | Found a sparkling altar of Nemelex Xobeh.
  5107 | D:5      | Killed an ice beast
  5108 | D:5      | Reached skill level 5 in Dodging
  5108 | D:5      | Reached skill level 5 in Unarmed Combat
  5108 | D:5      | Reached XP level 7. HP: 12/43 MP: 5/10
  5330 | D:5      | Found a white marble altar of Elyvilon.
  5414 | D:5      | Noticed capslocke's ghost (weakling DsDe)
  5423 | D:5      | Identified the +1 robe of Anarchy {rF+ rN++}
  5966 | D:5      | Succumbed to a water moccasin's poison

Illustrated notes

Levels and vault maps discovered:
D:1:      dpeg_arrival_erosion, layout_rooms
D:2:      layout_basic, chequers_serial_rivers_small_a, grunt_decor_one_mirror
D:3:      kennysheep_six_static_rooms, layout_basic,
          hellmonk_ecumenical_altar_blasted, uniq_jessica
D:4:      layout_loops_ring
D:5:      layout_loops_ring, amethyst_overflow_temple_binary,
          gammafunk_ghost_split

Skill      XL: |  1  2  3  4  5  6 |
---------------+-------------------+-----
Dodging        | 3 4 5 |  5.5
Poison Magic   | 1 2 3 4 |  4.0
Unarmed Combat | 4 5 |  5.4
Fighting       | |  1.0
Spellcasting   | |  2.0
Transmutations | |  2.4

Action                   |  1- 3 |  4- 6 |  7- 9 || total
-------------------------+-------+-------+-------++-------
Melee: Unarmed           |    90 |   121 |    36 ||   247
       Kick              |    20 |    16 |     1 ||    37
       Constrict         |    19 |    23 |     3 ||    45
       Tentacles         |    10 |    23 |     1 ||    34
       Punch             |     2 |     2 |       ||     4
 Cast: Beastly Appendage |    14 |    23 |     3 ||    40
       Spider Form       |       |     2 |     5 ||     7
       Wereblood         |       |     1 |       ||     1
  Use: Potion            |     1 |     5 |       ||     6
       Scroll            |     4 |     8 |     2 ||    14
 Stab: Sleeping          |     3 |     5 |       ||     8
Armor: Skin              |    24 |     5 |     2 ||    31
Dodge: Dodged            |    63 |    83 |    30 ||   176

Table legend: (Time is in decaauts)
 A = Elapsed time spent in this place.
 B = Non-inter-level travel time spent in this place.
 C = Inter-level travel time spent in this place.
 D = Time resting spent in this place.
 E = Time spent auto-exploring this place.
 F = Levels seen in this place.
 G = Mean time per level.
                   A        B        C        D        E       F      G
               +--------+--------+--------+--------+--------+-----+--------+
         Total |   5951 |   5849 |    102 |    211 |   4882 |   5 | 1190.2 |
       Dungeon |   5951 |   5849 |    102 |    211 |   4882 |   5 | 1190.2 |
               +--------+--------+--------+--------+--------+-----+--------+

Top non-repeatable levels by time:
     D:1: 1644 daAuts
     D:3: 1356 daAuts
     D:2: 1015 daAuts
     D:4: 992 daAuts
     D:5: 943 daAuts
